 Dungeon Crawl Stone Soup version 0.19-a0-944-gb338e1e (webtiles) character file.

21 Duffy the Chopper (level 2, 0/26 HPs)
             Began as a Hill Orc Fighter on July 8, 2016.
             Succumbed to an adder's poison
             ... on level 2 of the Dungeon.
             The game lasted 00:00:26 (319 turns).

Duffy the Chopper (Hill Orc Fighter)                 Turns: 319, Time: 00:00:27

Health: 0/26       AC:  6    Str: 18    XL:     2   Next: 87%
Magic:  2/2        EV:  7    Int:  8    God:
Gold:   28         SH:  9    Dex: 10    Spells: 0 memorised, 1 level left

rFire  . . .     SeeInvis .     a - +0 war axe
rCold  . . .     Gourm    .     b - +0 scale mail
rNeg   . . .     Faith    .     c - +0 shield
rPois  .         Spirit   .     (no helmet)
rElec  .         Dismiss  .     (no cloak)
rCorr  .         Reflect  .     (no gloves)
SustAt .         Harm     .     (no boots)
MR     .....                    (no amulet)
Stlth  ..........               (no ring)
                                (no ring)

@: lethally poisoned (0 -> -9), not resistant to hostile enchantments, extremely
unstealthy
A: no striking features
a: no special abilities


You were on level 2 of the Dungeon.
You were not hungry.

You visited 1 branch of the dungeon, and saw 3 of its levels.

You collected 28 gold pieces.


   Skills:
 - Level 3.6 Fighting
 + Level 4.4 Axes
 - Level 3.2 Armour
 - Level 3.2 Shields


You had one spell level left.
You didn't know any spells.

Inventory:

Hand Weapons
 a - a +0 war axe (weapon)
Armour
 b - a +0 scale mail (worn)
 c - a +0 shield (worn)
Scrolls
 e - a scroll of fear {unknown}
Potions
 d - a potion of might
 h - a potion of flight {unknown}
 i - a potion of lignification {unknown}
Comestibles
 f - a bread ration
 g - 5 fruits
 j - a slice of pizza

Dungeon Overview and Level Annotations

Branches:
Dungeon (3/15)

Altars:


Message History

Your shield and scale mail prevent you from hitting the adder.
You barely miss the rat. You block the adder's attack.
The rat barely misses you. The adder bites you but does no damage.
You miss the adder. You completely miss the rat. The adder barely misses you.
The rat bites you. The rat closely misses you. The adder barely misses you.
You closely miss the adder.
Your shield prevents you from hitting the rat.
You block the adder's attack. You block the rat's attack. The adder bites you.
You are poisoned.
The adder poisons you!
You miss the adder. You hit the rat but do no damage.
You feel sick. The rat bites you. The adder barely misses you.
The rat barely misses you.
You miss the adder. You slash the rat!
You kill the rat!
You feel sick. The adder bites you.
You are more poisoned.
The adder poisons you! The adder bites you.
You closely miss the adder.
You feel sick. The adder bites you.
You are lethally poisoned!
The adder poisons you! You block the adder's attack.
You are too injured to fight recklessly!
You are too injured to fight recklessly!
You are too injured to fight recklessly!
You are too injured to fight recklessly!
You are too injured to fight recklessly!
You are too injured to fight recklessly!
You are too injured to fight recklessly!
You are too injured to fight recklessly!
You are too injured to fight recklessly!
You are too injured to fight recklessly!
You are too injured to fight recklessly!
You are too injured to fight recklessly!
You are too injured to fight recklessly!
You are too injured to fight recklessly!
You are too injured to fight recklessly!
You are too injured to fight recklessly!
You are too injured to fight recklessly!
You are too injured to fight recklessly!
You are too injured to fight recklessly!
You closely miss the adder.
You feel sick. The adder barely misses you.
You miss the adder.
You feel sick. You block the adder's attack.
The adder bites you but does no damage.
You miss the adder.
You feel sick.
The adder bites you but does no damage. x2
You closely miss the adder.
You feel sick. You block the adder's attack. The adder bites you.
You barely miss the adder.
You feel sick. The adder bites you.
You slash the adder!
You kill the adder!
Your Axes skill increases to level 4!
You die...

#......# #
#......# ##
## #......#
##. .##
#......# #..
..# #.######
..7.. #.#
#...# #.#
#...# #.#
#.%.# #)#
#.@.# #.#
#...# #.#
##### ###.#
....# ##(.#
...<# ##..#
##..########


There were no monsters in sight!

Action                   || total
-------------------------++-------
Melee: War axe           ||    48
Armor: Scale mail        ||     9
Dodge: Dodged            ||    16
Block: Shield            ||    35

Notes
Turn   | Place    | Note
-------+----------+-------------------------------------------
     0 | D:1      | Duffy the Hill Orc Fighter began the quest for the Orb.
     0 | D:1      | Reached XP level 1. HP: 19/19 MP: 1/1
    59 | D:1      | Reached skill level 3 in Axes
   272 | D:2      | Reached XP level 2. HP: 26/26 MP: 2/2
   319 | D:2      | Reached skill level 4 in Axes
   319 | D:2      | Succumbed to an adder's poison

Skill      XL: |  1  2 |
---------------+-------+-----
Axes           | 3 4 |  4.4
Fighting       | |  3.6
Armour         | |  3.2
Shields        | |  3.2

Vault maps used:
D:1:      dpeg_arrival_arbitrary_a, serial_glass, glass_columns_b,
          glass_columns_a, cheibriados_altar_1
D:2:      grunt_ministairs_14
D:3:      first_bread, st_stairs_6

Vanquished Creatures
  An adder
  A worm
  A giant gecko
  A ball python
  A goblin
  A quokka
  A giant newt
  A kobold
  2 rats
10 creatures vanquished.
